 Dungeon Crawl Stone Soup version 0.28.0-1-gb440e238dd (webtiles) character file.

Game seed: 2630779316405184796

5683 funkygono the Arsonist (level 10, -3/50 HPs)
             Began as a Gargoyle Fire Elementalist on Feb 25, 2022.
             Was a Priest of Vehumet.
             Slain by Joseph (10 damage)
             ... on level 9 of the Dungeon.
             The game lasted 00:27:01 (12153 turns).

funkygono the Arsonist (GrFE)                      Turns: 12153, Time: 00:27:02

Health: -3/50      AC: 14    Str: 12    XL:     10   Next: 75%
Magic:  1/23       EV: 16    Int: 20    God:    Vehumet [***...]
Gold:   465        SH:  0    Dex: 10    Spells: 14/27 levels left

rFire   + . .      SeeInvis .   j - +2 whip (flame)
rCold   x . .      Faith    .   (no shield)
rNeg    + . .      Spirit   .   h - +2 robe
rPois   ∞          Reflect  .   (no helmet)
rElec   +          Harm     .   m - +0 cloak
rCorr   .          Rampage  .   e - +0 pair of gloves
Will    .....                   H - +0 pair of boots
Stlth   ++........              (no amulet)
HPRegen 0.16/turn               A - ring of fire
MPRegen 0.18/turn               D - +4 ring of evasion

@: no status effects
A: sickness immunity, AC +7, negative energy resistance 1, electricity
resistance, torment resistance 1, petrification resistance
a: Renounce Religion


You were on level 9 of the Dungeon.
You worshipped Vehumet.
Vehumet was most pleased with you.
You visited 2 branches of the dungeon, and saw 10 of its levels.

You collected 465 gold pieces.

Inventory:

Hand Weapons
 a - a +0 flail of protection
 d - a +2 dagger of electrocution
 f - a +0 morningstar of holy wrath
 j - a +2 whip of flaming (weapon)
 l - a +4 quarterstaff of chaos
 n - a +1 mace of draining
 s - a +2 mace of protection
 M - the +4 hand axe "Firegoq" {vorpal, rF- Str+7 Dex+3}
   (You found it on level 8 of the Dungeon)

   It inflicts extra damage upon your enemies.
   Str:       It affects your strength (+7).
   Dex:       It affects your dexterity (+3).
   rF:        It makes you vulnerable to fire.
 N - the +8 woodcutter's axe {vorpal}
   (You found it on level 8 of the Dungeon)

   It inflicts extra damage upon your enemies.
Missiles
 c - 244 stones
Armour
 b - a +0 buckler
 e - a +0 pair of gloves (worn)
 h - a +2 robe (worn)
 m - a +0 cloak (worn)
 z - +0 steam dragon scales
 H - a +0 pair of boots (worn)
Jewellery
 o - an amulet of faith
 A - a ring of fire (left hand)
 D - a +4 ring of evasion (right hand)
 F - a ring of fire
Wands
 v - a wand of charming (9)
 w - a wand of polymorph (9)
 y - a wand of iceblast (3)
 E - a wand of paralysis (13)
 J - a wand of flame (17) (quivered)
Scrolls
 p - 3 scrolls of blinking
 q - 5 scrolls of teleportation
 C - a scroll of enchant weapon {unknown}
 G - a scroll of amnesia
 K - a scroll of torment {unknown}
 L - 3 scrolls of identify
 P - a scroll of acquirement {unknown}
Potions
 g - a potion of brilliance
 i - a potion of flight
 k - 2 potions of attraction
 r - a potion of curing
 t - a potion of berserk rage
 u - a potion of lignification {unknown}
 x - 4 potions of might
 B - a potion of magic {unknown}
 I - a potion of heal wounds {unknown}
 O - a potion of mutation {unknown}


   Skills:
 + Level 0.3 Fighting
 + Level 3.0 Dodging
 - Level 2.1 Stealth
 * Level 9.0 Spellcasting
 * Level 7.3 Conjurations
 * Level 9.9 Fire Magic
 * Level 4.7 Earth Magic


You had 14 spell levels left.
You knew the following spells:

 Your Spells              Type           Power      Damage    Failure   Level
a - Foxfire               Conj/Fire      100%       2x1d9     1%          1
b - Scorch                Fire           100%       2d10      1%          2
c - Conjure Flame         Conj/Fire      60%        6-21      1%          3
d - Flame Wave            Conj/Fire      60%        2d12      1%          4
e - Stone Arrow           Conj/Erth      66%        3d11      1%          3

Your spell library contained the following spells:

 Spells                   Type           Power      Damage    Failure   Level
 Dazzling Flash           Conj/Hex       46%        N/A       1%          3
 Sandblast                Erth           54%        2d13      1%          1
 Inner Flame              Hex/Fire       43%        N/A       1%          3
 Poisonous Vapours        Pois/Air       18%        N/A       3%          2
 Passwall                 Tmut/Erth      15%        N/A       4%          2
 Hailstorm                Conj/Ice       23%        3d7       4%          4
 Animate Skeleton         Necr           18%        N/A       8%          1
 Apportation              Tloc           18%        N/A       8%          1
 Pain                     Necr           36%        1d5       8%          1
 Summon Small Mammal      Summ           36%        N/A       8%          1
 Corpse Rot               Necr/Air       18%        N/A       12%         2
 Ensorcelled Hibernation  Hex/Ice        18%        N/A       12%         2
 Spider Form              Tmut/Pois      9%         N/A       22%         3
 Swiftness                Air            9%         N/A       22%         3
 Vampiric Draining        Necr           9%         2d6       22%         3
 Anguish                  Hex/Necr       4%         N/A       58%         4
 Ice Form                 Ice/Tmut       9%         N/A       58%         4
 Passage of Golubria      Tloc           9%         N/A       58%         4
 Silence                  Hex/Air        4%         N/A       91%         5
 Simulacrum               Ice/Necr       4%         N/A       100%        6
 Lehudib's Crystal Spear  Conj/Erth      16%        10d5      100%        8


Dungeon Overview and Level Annotations

Branches:
Dungeon (9/15)             Temple (1/1) D:5            Lair (0/6) D:9
    Orc: D:9-12

Altars:
Ashenzari
Cheibriados
Dithmenos
Elyvilon
Fedhas
Gozag
Hepliaklqana
Kikubaaqudgha
Makhleb
Nemelex Xobeh
Okawaru
Qazlal
Ru
Sif Muna
Trog
Uskayaw
Vehumet
Wu Jian
Xom
Yredelemnul
Zin

Shops:
D:3 *   D:6 =

Annotations:
D:9 Joseph


Innate Abilities, Weirdness & Mutations

You are immune to sickness and miasma.
Your stone body is resilient. (AC +7)
You are immune to poison.
You resist negative energy. (rN+)
You are resistant to electric shocks. (rElec)
You are resistant to unholy torment.
You are immune to petrification.


Message History

Joseph's fire resistance burns away.
The foxfire hits Joseph!
Joseph is burned terribly!
Joseph is heavily wounded.
The foxfire hits Joseph but does no damage.
Joseph is heavily wounded.
Casting: Scorch (safe; 1% risk of failure)
Confirm with . or Enter, or press ? or * to list all spells.
Aiming: Stone Arrow (safe; 1% risk of failure)
Press: ? - help, Shift-Dir - straight line, f - Joseph
Aim: Joseph, wielding a +0 hunting sling, wearing a +0 leather armour and quivering sling bullets (heavily wounded, more vulnerable to fire, 74% to hit)
The stone arrow hits Joseph.
Joseph is heavily wounded.
Joseph shoots a sling bullet.
The sling bullet hits you.
* * * LOW HITPOINT WARNING * * *
Casting: Stone Arrow (safe; 1% risk of failure)
Confirm with . or Enter, or press ? or * to list all spells.
Aiming: Stone Arrow (safe; 1% risk of failure)
Press: ? - help, Shift-Dir - straight line, f/p - Joseph
Aim: Joseph, wielding a +0 hunting sling, wearing a +0 leather armour and quivering sling bullets (heavily wounded, more vulnerable to fire, 74% to hit)
The stone arrow hits Joseph!
Joseph is severely wounded.
Joseph shoots a sling bullet.
The sling bullet hits you!
* * * LOW HITPOINT WARNING * * *
Casting: Stone Arrow (safe; 1% risk of failure)
Confirm with . or Enter, or press ? or * to list all spells.
Aiming: Stone Arrow (safe; 1% risk of failure)
Press: ? - help, Shift-Dir - straight line, f/p - Joseph
Aim: Joseph, wielding a +0 hunting sling, wearing a +0 leather armour and quivering sling bullets (severely wounded, more vulnerable to fire, 74% to hit)
The stone arrow misses Joseph.
Unknown command.
Casting: Stone Arrow (safe; 1% risk of failure)
Confirm with . or Enter, or press ? or * to list all spells.
Aiming: Stone Arrow (safe; 1% risk of failure)
Press: ? - help, Shift-Dir - straight line, f/p - Joseph
Aim: Joseph, wielding a +0 hunting sling, wearing a +0 leather armour and quivering sling bullets (severely wounded, more vulnerable to fire, 74% to hit)
The stone arrow hits Joseph!
Joseph is almost dead.
Joseph unwields a +0 hunting sling.
Joseph wields a +0 quarterstaff.
Joseph hits you with a +0 quarterstaff!
You die...

##.####
.......#+##
####...@@#
......#.#.######.#
.......#.........#
......###.########
.......#...# .....
#...## ..... ##.##
..! #.# #.#


You could see Joseph (combustible).

Vanquished Creatures
  A cyclops (D:9)
  Psyche (D:9)
  A hornet (D:9)
  2 wraiths (D:9)
  Grum (D:9)
  2 steam dragons
  Edmund (D:5)
  An orc warrior (D:9)
  An acid dragon (D:9)
  2 black bears
  3 ogres
  4 necrophages (D:8)
  4 wolves (D:9)
  3 centaurs
  A kobold brigand (D:9)
  Blork the orc (D:5)
  3 bullfrogs
  2 wyvern zombies (D:8)
  2 gnoll sergeants (D:8)
  2 scorpions
  A water moccasin zombie (D:7)
  13 wights
  2 centaur zombies
  3 hounds
  3 centaur skeletons
  Crazy Yiuf (D:2)
  A bullfrog skeleton (D:7)
  3 gnoll shamans
  3 iguanas
  8 orc wizards
  A scorpion zombie (D:5)
  Natasha (thrice) (D:4)
  A killer bee zombie (D:7)
  A hound zombie (D:5)
  A hound skeleton (D:2)
  18 gnolls
  9 adders
  An ufetubus (D:5)
  2 worms (D:2)
  3 dart slugs
  36 orcs
  3 ball pythons
  7 endoplasms
  6 giant cockroaches
  5 goblins
  3 hobgoblins
  12 kobolds
  A quokka (D:1)
  3 bats
  5 frilled lizards
  A quokka skeleton (D:4)
  3 rats
  6 bushes (D:8)
207 creatures vanquished.

Vanquished Creatures (collateral kills)
  4 foxfires
4 creatures vanquished.

Vanquished Creatures (others)
  662 foxfires
  11 plants (D:8)
673 creatures vanquished.

Grand Total: 884 creatures vanquished

Notes
Turn   | Place    | Note
-------+----------+-------------------------------------------
     0 | D:1      | funkygono the Gargoyle Fire Elementalist began the quest
                  | for the Orb.
     0 | D:1      | Reached XP level 1. HP: 10/10 MP: 3/3
   168 | D:1      | Reached XP level 2. HP: 15/15 MP: 1/5
   252 | D:1      | Learned a level 2 spell: Scorch
   732 | D:2      | Found a runed translucent door.
   733 | D:2      | Noticed Crazy Yiuf
   812 | D:2      | Reached XP level 3. HP: 19/19 MP: 1/6
   904 | D:2      | Learned a level 3 spell: Conjure Flame
  1038 | D:2      | Reached XP level 4. HP: 17/24 MP: 3/7
  1723 | D:2      | Killed Crazy Yiuf
  1724 | D:2      | Reached XP level 5. HP: 8/28 MP: 0/9
  2247 | D:3      | Found Umpiynut's Assorted Antiques.
  2973 | D:3      | Learned a level 4 spell: Flame Wave
  2991 | D:4      | You fall into a shaft and drop 2 floors!
  3001 | D:6      | Reached XP level 6. HP: 12/32 MP: 3/11
  3641 | D:5      | Entered Level 5 of the Dungeon
  3694 | D:5      | Noticed Edmund
  3790 | D:5      | Reached skill level 5 in Fire Magic
  4250 | D:4      | Reached XP level 7. HP: 36/36 MP: 8/13
  4254 | D:4      | Noticed Natasha
  4260 | D:4      | Killed Natasha
  4442 | D:4      | Noticed Natasha
  4447 | D:4      | Killed Natasha
  4702 | D:4      | Noticed Natasha
  4708 | D:4      | Killed Natasha
  4994 | D:4      | Found a shimmering altar of Xom.
  4998 | D:4      | Noticed an angel
  5003 | D:4      | Found a glowing silver altar of Zin.
  5106 | D:4      | Reached skill level 5 in Spellcasting
  5364 | D:4      | Learned a level 3 spell: Stone Arrow
  5498 | D:5      | Found a staircase to the Ecumenical Temple.
  5508 | Temple   | Entered the Ecumenical Temple
  5523 | Temple   | Became a worshipper of Vehumet
  5703 | D:5      | Noticed Blork the orc
  5735 | D:5      | Killed Blork the orc
  5987 | D:5      | Reached XP level 8. HP: 26/41 MP: 7/16
  6197 | D:5      | Killed Edmund
  6521 | D:5      | Found an ornate altar of the Wu Jian Council.
  7238 | D:6      | Reached skill level 5 in Conjurations
  7240 | D:6      | Reached skill level 1 in Earth Magic
  7401 | D:6      | Found Zoagu's Jewellery Emporium.
  7780 | D:7      | Reached * piety under Vehumet
  7780 | D:7      | Offered knowledge of Freeze by Vehumet.
  7783 | D:7      | Reached XP level 9. HP: 7/45 MP: 2/18
  8702 | D:7      | Found a basalt altar of Yredelemnul.
  9003 | D:8      | Offered knowledge of Static Discharge by Vehumet.
  9033 | D:8      | HP: 1/45 [gnoll sergeant (7)]
  9475 | D:8      | Reached ** piety under Vehumet
  9780 | D:8      | Found a blossoming altar of Fedhas.
 10272 | D:8      | Found the +8 woodcutter's axe {vorpal}
 10279 | D:8      | Identified the +4 hand axe "Firegoq" {vorpal, rF- Str+7
                  | Dex+3}
 10353 | D:8      | Reached XP level 10. HP: 34/50 MP: 16/21
 10366 | D:8      | Offered knowledge of Dazzling Flash by Vehumet.
 10781 | D:9      | Noticed Psyche
 10791 | D:9      | Killed Psyche
 10888 | D:9      | Noticed Grum
 10901 | D:9      | Killed Grum
 11192 | D:9      | Reached *** piety under Vehumet
 11277 | D:9      | Noticed a cyclops
 11285 | D:9      | HP: 1/50 [cyclops (3)]
 11286 | D:9      | Killed a cyclops
 11597 | D:9      | Found a staircase to the Lair.
 11825 | D:9      | Found a burning altar of Makhleb.
 12140 | D:9      | Noticed Joseph
 12153 | D:9      | Slain by Joseph

Illustrated notes

Levels and vault maps discovered:
D:1:      sevenhm_arrival_forest_fort_small_4, layout_rooms
D:2:      layout_loops_ring, kennysheep_crisscross, uniq_crazy_yiuf_cottage
D:3:      layout_loops_ring, serial_shops, nicolae_shop_advertising_works
          [nicolae_subvault_shop_adworks]
D:4:      layout_basic, grunt_temple_overflow_order_and_chaos_1,
          gup_sewer_entry_glass, uniq_natasha
D:5:      layout_basic, nicolae_wu_jian_wuxing_cycle, minmay_temple_entry_mist,
          uniq_edmund, uniq_blork_the_orc
D:6:      layout_basic, minivault_4, minmay_shop_enchanted_jewellery
D:7:      layout_cave_pools, mainiacjoe_overflow_24_doors,
          minmay_misc_feat_secret_circle
D:8:      layout_basic, fedhas_altar_decomposition, enter_bailey_4,
          pf_guarded_unrand_woodcutter
D:9:      cheibrodos_elevator_heist, layout_loops_corners, bloody_makhleb,
          lair_entry_dummy, lightli_church_of_beogh, uniq_grum, uniq_joseph,
          uniq_psyche
Temple:   regret_index_temple_waves

Skill      XL: |  1  2  3  4  5  6  7  8  9 10 |
---------------+-------------------------------+-----
Fire Magic     | 4 5 6 7 8 9 |  9.9
Conjurations   | 2 3 5 6 7 |  7.3
Spellcasting   | 3 4 5 6 7 9 |  9.0
Dodging        | 2 3 |  3.0
Earth Magic    | 2 3 4 |  4.7
Fighting       | |  0.3
Stealth        | |  2.1

Action                   |  1- 3 |  4- 6 |  7- 9 | 10-12 || total
-------------------------+-------+-------+-------+-------++-------
Melee: Dagger            |     2 |       |       |       ||     2
       Whip              |       |     1 |     2 |       ||     3
       Mace              |       |     2 |       |       ||     2
 Cast: Foxfire           |    39 |    71 |   231 |    62 ||   403
       Scorch            |     4 |    16 |    52 |    17 ||    89
       Flame Wave        |       |       |     7 |     4 ||    11
       Stone Arrow       |       |       |       |     8 ||     8
  Use: Scroll            |       |     5 |    10 |       ||    15
Armor: Robe              |     3 |    14 |    53 |     8 ||    78
Dodge: Dodged            |     5 |    33 |    90 |    21 ||   149
